 Dungeon Crawl Stone Soup version 0.30-a0-627-gc11e7ae810 (webtiles) character file.

Game seed: 14148588584150133470

21 Bnni the Sneak (level 2, -1/15 HPs)
             Began as a Vine Stalker Brigand on Jan 12, 2023.
             Succumbed to an adder's poison
             ... on level 2 of the Dungeon.
             The game lasted 00:00:49 (515 turns).

Bnni the Sneak (Vine Stalker Brigand)                Turns: 515, Time: 00:00:50

Health: -1/15      AC:  3    Str: 13    XL:     2   Next: 87%
Magic:  0/3        EV: 11    Int: 11    God:
Gold:   59         SH:  0    Dex: 15    Spells: 1/1 levels left

rFire   . . .      SeeInvis .    a - +2 dagger
rCold   . . .      Faith    .    (no shield)
rNeg    . . .      Spirit   +    b - +0 robe
rPois   .          Reflect  .    (no helmet)
rElec   .          Harm     .    c - +0 cloak
rCorr   .          Rampage  .    (no gloves)
Will    .....                    (no boots)
Stlth   +++                      (no amulet)
HPRegen 0.22/turn                (no ring)
MPRegen 0.08/turn                (no ring)

@: lethally poisoned (-1 -> -12)
A: fangs 2, magic shield, antimagic bite, no potion heal 2
a: no special abilities


You were on level 2 of the Dungeon.
You visited 1 branch of the dungeon, and saw 2 of its levels.

You collected 59 gold pieces.

Inventory:

Hand Weapons
 a - a +2 dagger (weapon)
Missiles
 d - 8 poisoned darts (quivered)
 e - 3 curare-tipped darts
Armour
 b - a +0 robe (worn)
 c - a +0 cloak (worn)
Scrolls
 f - a scroll of fear {unknown}
 g - a scroll of torment {unknown}
 h - a scroll of fog {unknown}
 j - 2 scrolls of blinking {unknown}
Potions
 i - a potion of haste {unknown}


   Skills:
 + Level 2.0 Fighting
 * Level 2.3 Short Blades
 - Level 1.7 Throwing
 - Level 0.7 Dodging
 * Level 5.3 Stealth


You had one spell level left.
You didn't know any spells.
Your spell library was empty.

Dungeon Overview and Level Annotations

Branches:
Dungeon (1/15)

Altars:


Innate Abilities, Weirdness & Mutations

You have extremely sharp teeth.
When hurt, damage is shared between your health and your magic reserves.
Your bite disrupts and absorbs the magic of your enemies.
Potions cannot restore your health.


Message History

Found a stone staircase leading down.
An adder comes into view.
A ball python comes into view.
The adder hisses angrily.
You closely miss the adder. Your bite misses the adder.
The adder barely misses you.
You hit the adder. You bite the adder. You drain its power.
The adder is heavily wounded.
The adder closely misses you.
Throw: 9 darts (poison)
Press: ? - help, Shift-Dir - straight line, f - adder
Aim: an adder (heavily wounded, 40% to hit)
You throw a poisoned dart. The poisoned dart misses the adder.
The poisoned dart hits the ball python.
The ball python is poisoned.
The adder barely misses you.
You hit the adder. You bite the adder, but do no damage.
The adder is severely wounded.
The ball python bites you but does no damage.
The ball python misses you. The adder bites you.
You barely miss the adder. Your bite misses the adder.
The adder is severely wounded.
The ball python completely misses you. The ball python grabs you.
The ball python constricts you. The adder bites you.
You are poisoned.
The adder poisons you!
You hit the ball python.
You kill the ball python!
You feel sick. The adder bites you.
* * * LOW HITPOINT WARNING * * *
You are too injured to fight recklessly!
You hit the adder but do no damage. Your bite misses the adder.
The adder is severely wounded.
The adder bites you.
* * * LOW HITPOINT WARNING * * *
You are more poisoned.
The adder poisons you!
You hit the adder.
You kill the adder!
You die...

#########
#####.......# .#
............# #.#
............# #.#
.....(†@....# #.#
......†.....###.#
................#
................#
..#..##.........#
. ##.#..........#
.............#
.#.#..........#
#.>..........#


There were no monsters in sight!

Vanquished Creatures
  An adder (D:2)
  A dart slug (D:1)
  3 ball pythons
  2 bats (D:1)
  2 endoplasms (D:1)
  3 goblins (D:1)
  2 hobgoblins (D:1)
  A quokka (D:1)
  3 rats (D:1)
18 creatures vanquished.

Notes
Turn   | Place    | Note
-------+----------+-------------------------------------------
     0 | D:1      | Bnni the Vine Stalker Brigand began the quest for the Orb.
     0 | D:1      | Reached XP level 1. HP: 11/11 MP: 2/2
    62 | D:1      | Reached skill level 5 in Stealth
   114 | D:1      | Reached XP level 2. HP: 10/15 MP: 3/3
   499 | D:1      | You fall into a shaft and drop 1 floor!
   515 | D:2      | Succumbed to an adder's poison

Illustrated notes

Levels and vault maps discovered:
D:1:      moated_graveyard_arrival, layout_loops_ring
D:2:      layout_basic, nicolae_wormholes

Skill      XL: |  1  2 |
---------------+-------+-----
Short Blades   | 2 |  2.3
Stealth        | 5 |  5.3
Fighting       | 2 |  2.0
Throwing       | |  1.7
Dodging        | |  0.7

Action                   || total
-------------------------++-------
Melee: Dagger            ||    41
       Bite              ||     9
       Punch             ||     1
Throw: Dart              ||     1
 Stab: Sleeping          ||     4
Armor: Robe              ||    14
Dodge: Dodged            ||    15

Table legend: (Time is in decaauts)
 A = Elapsed time spent in this place.
 B = Non-inter-level travel time spent in this place.
 C = Inter-level travel time spent in this place.
 D = Time resting spent in this place.
 E = Time spent auto-exploring this place.
 F = Levels seen in this place.
 G = Mean time per level.
                   A        B        C        D        E       F      G
               +--------+--------+--------+--------+--------+-----+--------+
         Total |    510 |    510 |      0 |     34 |    359 |   2 |  255.0 |
       Dungeon |    510 |    510 |      0 |     34 |    359 |   2 |  255.0 |
               +--------+--------+--------+--------+--------+-----+--------+

Top non-repeatable levels by time:
     D:1: 495 daAuts
     D:2: 14 daAuts
